 Dungeon Crawl Stone Soup version 0.30-a0-23-ge60ba3568b (webtiles) character file.

Game seed: 17680003027576286219

64992 Sobieck the Warrior (level 15, -1/90 HPs)
             Began as a Vine Stalker Berserker on Aug 25, 2022.
             Was the Champion of Trog.
             Shot with an arrow by Nessos (3 damage)
             ... on level 11 of the Dungeon.
             The game lasted 00:52:30 (19546 turns).

Sobieck the Warrior (Vine Stalker Berserker)       Turns: 19546, Time: 00:52:31

Health: -1/90      AC: 26    Str: 26    XL:     15   Next: 14%
Magic:  0/16       EV:  9    Int: 15    God:    Trog [******]
Gold:   1155       SH:  7    Dex: 15    Spells: 14/14 levels left

rFire   + . .      SeeInvis .    a - +9 rapier "Ogufif" {distort, Int+4, short}
rCold   . . .      Faith    .    U - +2 buckler
rNeg    . . .      Spirit   +    V - +0 plate armour
rPois   .          Reflect  .    s - +1 helmet
rElec   +          Harm     .    K - +1 cloak
rCorr   .          Rampage  .    t - +1 pair of gloves
Will    +....                    n - +1 pair of boots
Stlth   ..........               R - amulet of regeneration {@e2}
HPRegen 1.85/turn                X - ring "Gunkab" {rElec AC+4 Int+4 Stlth+}
MPRegen 0.15/turn                i - ring of protection from fire

@: lethally poisoned (-1 -> -20), hasted, studying Fire Magic, very quick
A: fangs 3, regeneration 1, magic shield, antimagic bite, no potion heal 2
a: Renounce Religion, Berserk, Trog's Hand, Brothers in Arms


You were on level 11 of the Dungeon.
You worshipped Trog.
Trog was exalted by your worship.
You visited 3 branches of the dungeon, and saw 19 of its levels.

You collected 2152 gold pieces.
You spent 997 gold pieces at shops.


Innate Abilities, Weirdness & Mutations

You have razor-sharp teeth.
Your natural rate of healing is unusually fast.
When hurt, damage is shared between your health and your magic reserves.
Your bite disrupts and absorbs the magic of your enemies.
Potions cannot restore your health.


   Skills:
 + Level 15.5 Fighting
 - Level 14.0 Short Blades
 + Level 6.6 Armour
 + Level 6.7 Dodging
 - Level 5.0 Shields
 + Level 7.0 Evocations


You had 14 spell levels left.
You didn't know any spells.
Your spell library contained the following spells:

 Spells                   Type           Power      Damage    Failure   Level
 Necrotise                Necr           0%         1d4       99%         1
 Slow                     Hex            0%         N/A       99%         1
 Sting                    Tmut/Pois      0%         1d3       99%         1
 Summon Small Mammal      Summ           0%         N/A       99%         1
 Poisonous Vapours        Pois/Air       0%         N/A       99%         2
 Call Canine Familiar     Summ           0%         N/A       100%        3
 Confusing Touch          Hex            0%         N/A       100%        3
 Dazzling Flash           Conj/Hex       0%         N/A       100%        3
 Summon Guardian Golem    Hex/Summ       0%         N/A       100%        3
 Vampiric Draining        Necr           0%         2d6       100%        3
 Animate Armour           Summ/Erth      0%         N/A       100%        4
 Hailstorm                Conj/Ice       0%         3d3       100%        4
 Ice Form                 Ice/Tmut       0%         N/A       100%        4
 Iskenderun's Mystic Bla  Conj/Tloc      0%         2d3       100%        4
 Olgreb's Toxic Radiance  Pois           0%         N/A       100%        4
 Agony                    Necr           0%         N/A       100%        5
 Blade Hands              Tmut           0%         N/A       100%        5
 Iron Shot                Conj/Erth      0%         9d1       100%        6
 Simulacrum               Ice/Necr       0%         N/A       100%        6
 Starburst                Conj/Fire      0%         6d3       100%        6

Inventory:

Hand Weapons
 a - the +9 rapier "Ogufif" (weapon) {distort, Int+4, short}
   (You acquired it on level 4 of the Dungeon)

   It warps and distorts space around it, and may blink, banish, or inflict
   extra damage upon those it strikes.
   Unwielding it can cause banishment or high damage.
   Int:       It affects your intelligence (+4).
 f - a +6 quick blade {shortrare=g}
   (Trog gifted it to you on level 11 of the Dungeon)
 o - a +3 short sword {short}
   (You took it off an orc warrior on level 8 of the Dungeon)
Missiles
 b - 4 throwing nets {=f!fthrowing}
 c - 18 poisoned darts (quivered) {throwing}
 j - 2 curare-tipped darts {=fthrowing}
 k - 17 boomerangs {throwing}
 m - 102 stones {throwing}
 p - 4 silver boomerangs {throwing}
 y - 2 javelins {throwing}
 Q - a boomerang of dispersal {=f!fthrowing}
Armour
 n - a +1 pair of boots (worn)
   (You found it on level 2 of the Dungeon)
 s - a +1 helmet (worn)
   (You found it on level 2 of the Dungeon)
 t - a +1 pair of gloves (worn)
   (You found it on level 2 of the Dungeon)
 K - a +1 cloak (worn)
   (You found it on level 3 of the Lair of Beasts)
 T - a +0 kite shield
   (You took it off a gnoll sergeant on level 5 of the Dungeon)
 U - a +2 buckler (worn)
   (You took it off a gnoll sergeant on level 5 of the Dungeon)
 V - a +0 plate armour (worn)
   (You took it off an orc warrior on level 9 of the Dungeon)
Magical Staves
 I - a staff of cold {forbidden!astaff}
   (You found it on level 3 of the Dungeon)
Jewellery
 i - a ring of protection from fire (right hand)
   (You found it on level 7 of the Dungeon)
 L - a ring of poison resistance
   (You found it on level 4 of the Dungeon)
 R - an amulet of regeneration (around neck) {@e2}
   (You found it on level 2 of the Lair of Beasts)
 W - a +4 ring of evasion
   (You found it on level 5 of the Lair of Beasts)
 X - the ring "Gunkab" (left hand) {rElec AC+4 Int+4 Stlth+}
   (You bought it in a shop on level 2 of the Orcish Mines)

   [ring of protection]

   AC:        It affects your AC (+4).
   Int:       It affects your intelligence (+4).
   rElec:     It insulates you from electricity.
   Stlth:     It makes you more stealthy.
 Y - a ring of fire
   (You took it off a crimson imp on level 12 of the Dungeon)
Wands
 g - a wand of flame (35)
   (You found it on level 6 of the Dungeon)
 l - a wand of mindburst (22)
   (You took it off Ijyb on level 4 of the Dungeon)
 F - a wand of digging (11)
   (You found it on level 7 of the Dungeon)
 G - a wand of iceblast (10)
   (You found it on level 10 of the Dungeon)
 N - a wand of charming (27)
   (You found it on level 4 of the Dungeon)
Scrolls
 e - 8 scrolls of teleportation {@r4}
 q - 4 scrolls of identify {@r1}
 w - 2 scrolls of fear
 x - 2 scrolls of poison {!r}
 z - 2 scrolls of amnesia {unknown}
 E - 2 scrolls of blinking {!r}
 H - 2 scrolls of vulnerability {!r!r}
 J - a scroll of fog
 M - 2 scrolls of immolation {!r!r}
 P - 6 scrolls of magic mapping {!r}
Potions
 d - 2 potions of brilliance
 h - 7 potions of attraction {!q}
 r - 6 potions of mutation {!q}
 u - 7 potions of curing {@q1}
 v - 5 potions of flight
 A - 3 potions of lignification {unknown}
 C - a potion of haste {@q3}
 D - a potion of ambrosia {unknown}
 O - 3 potions of might
 S - 3 potions of cancellation {unknown}
 Z - a potion of berserk rage {unknown}
Miscellaneous
 B - a lightning rod (4/4)
   (You found it on level 1 of the Lair of Beasts)

Dungeon Overview and Level Annotations

Branches:
Dungeon (12/15) Zot: 25634  Temple (0/1) D:7            Lair (5/5) D:10 Zot: 24932
 Shoals (0/4) Lair:3       Spider (0/4) Lair:3        Slime (0/5) Lair:4
    Orc (2/2) D:9 Zot: 9624     Elf (0/3) Orc:2

Altars:
Cheibriados
Dithmenos
Elyvilon
Gozag
Hepliaklqana
Nemelex Xobeh
Qazlal
Sif Muna
Trog
Vehumet
Xom
Zin
The Shining One
Jiyva

Shops:
D:1 :   Orc:1 *   Orc:2 *([=

Annotations:
D:2 1 runed translucent door, Crazy Yiuf
D:4 2 runed translucent doors, drpainis's ghost, novice HOBe
D:5 exclusion: 2 doors
D:11 Nessos
Abyss:1 Gastronok; Maurice; Urug

# # ######### .[......# #######
#######.###.#...#
...#.....)..#.#.#######
................@ยง...c#
#.........#.#.#.#####.#
........#.#.#.#.#####.#
..[#....#.#.#.......#.#
...#....#.#.###.###.#.#
##.#....#.#...........######
#.#....#.#####.###.#.....[######
#.#....#.......#.)).............
#.#....######..#.#.#......######


You could see Nessos (fast).


Message History

Nessos shouts!
Nessos mumbles some strange words.
Nessos seems to speed up.
Unknown command.
Nessos mumbles some strange words.
Nessos blinks!
Nessos gestures wildly while chanting.
Nessos blinks!
Nessos shoots an arrow.
The arrow hits you but does no damage.
Nessos shoots an arrow.
You block the arrow.
There is an escape hatch in the ceiling here.
Unknown command.
Unknown command.
Throw: 20 darts (poison) {throwing}
Press: ? - help, Q - select action, (/) - cycle Shift-Dir - straight line, f - Nessos
Aim: Nessos, wielding a +3 longbow of flaming and wearing a +2 barding of stealth (fast, 76% to hit)
You throw a poisoned dart {throwing}.
The poisoned dart {throwing} hits Nessos.
Nessos is poisoned.
Nessos shoots an arrow.
You block the arrow.
Nessos shoots an arrow.
The arrow hits you! The arrow burns you.
Nessos shoots an arrow.
The arrow barely misses you.
Throw: 19 darts (poison) {throwing}
Press: ? - help, Q - select action, (/) - cycle Shift-Dir - straight line, f/p - Nessos
Aim: Nessos, wielding a +3 longbow of flaming and wearing a +2 barding of stealth (fast, poisoned, 76% to hit)
You throw a poisoned dart {throwing}.
The poisoned dart {throwing} hits Nessos.
Nessos shoots an arrow.
The arrow hits you! The arrow burns you.
You are poisoned.
A gargoyle comes into view. It is wielding a +0 morningstar.
Nessos gestures wildly while chanting.
Nessos blinks!
Unknown command.
You feel very sick.
Nessos unwields a +3 longbow of flaming.
It stops flaming.
Nessos hits you but does no damage. Nessos closely misses you. Nessos hits you!
You block Nessos's attack. A mysterious force pulls you upwards.
The hatch slams shut behind you.
You feel very sick.
Unknown command.
Unknown command.
You barely miss Nessos. You bite Nessos, but do no damage.
You feel sick. Nessos barely misses you. Nessos kicks you but does no damage.
You puncture Nessos!
Space warps horribly around Nessos!
Your bite misses Nessos.
You feel sick.
Nessos pounds the earth with their hooves.
Nessos hits you but does no damage. Nessos kicks you but does no damage.
You hit Nessos but do no damage. You bite Nessos, but do no damage.
Nessos blinks!
You feel sick.
Nessos wields a +3 longbow of flaming.
It bursts into flame!
Nessos shoots an arrow.
The arrow hits you!!
* * * LOW HITPOINT WARNING * * *
The arrow burns you.
You are more poisoned.
* * * LOW HITPOINT WARNING * * *
You feel very sick.
Nessos shoots an arrow.
The arrow hits you!
* * * LOW HITPOINT WARNING * * *
The arrow burns you.
* * * LOW HITPOINT WARNING * * *
You feel very sick.
Unknown command.
You feel yourself speed up.
You feel very sick.
Nessos looks more healthy.
Nessos shoots an arrow.
The arrow hits you.
* * * LOW HITPOINT WARNING * * *
The arrow burns you.
You are more poisoned.
* * * LOW HITPOINT WARNING * * *
Nessos mumbles some strange words.
Nessos blinks!
Okay, then.
You feel sick.
Nessos unwields a +3 longbow of flaming.
It stops flaming.
Nessos hits you.
* * * LOW HITPOINT WARNING * * *
Nessos closely misses you.
Unknown command.
You hit Nessos.
Space warps around Nessos.
You feel sick. Nessos closely misses you. Nessos barely misses you.
You hit Nessos.
Space warps horribly around Nessos!
You bite Nessos.
Nessos's magic leaks into the air.
You drain their magic.
You feel invigorated.
You feel sick.
Nessos gestures wildly while chanting.
Nessos blinks!
Unknown command.
You feel sick.
Nessos casts a spell.
Nessos blinks!
You feel sick.
Nessos wields a +3 longbow of flaming.
It bursts into flame!
Nessos shoots an arrow.
The arrow completely misses you.
Unknown command.
You feel sick.
Nessos casts a spell.
Nessos blinks!
Nessos shoots an arrow.
The arrow hits you but does no damage.
You feel sick.
Nessos's magic is no longer disrupted.
Nessos shoots an arrow.
The arrow hits you!
* * * LOW HITPOINT WARNING * * *
The arrow burns you.
You are lethally poisoned!
You die...

Skill      XL: |  1  2  3  4  5  6  7  8  9 10 11 12 13 14 15 |
---------------+----------------------------------------------+-----
Short Blades   | 3 4 5 7 8 10 12 14 | 14.0
Fighting       | 3 4 5 6 7 9 11 14 15 | 15.5
Armour         | 4 6 |  6.6
Dodging        | 4 6 |  6.7
Shields        | 4 5 |  5.0
Evocations     | 4 6 7 |  7.0

Action                   |  1- 3 |  4- 6 |  7- 9 | 10-12 | 13-15 || total
-------------------------+-------+-------+-------+-------+-------++-------
Melee: Short sword       |   100 |   177 |       |       |       ||   277
       Bite              |    25 |    46 |    37 |   143 |   303 ||   554
       Punch             |     2 |     3 |     1 |       |       ||     6
       Rapier            |       |     4 |   183 |   456 |   801 ||  1444
Throw: Dart              |       |       |     1 |       |    10 ||    11
       Boomerang         |       |       |       |       |    24 ||    24
Invok: Berserk           |       |     3 |     1 |     2 |     7 ||    13
       Trog's Hand       |       |       |       |       |     1 ||     1
       Brothers in Arms  |       |       |       |       |     1 ||     1
Evoke: Wand              |       |       |       |       |     4 ||     4
  Use: Scroll            |       |    16 |     4 |     8 |     2 ||    30
       Potion            |       |       |       |       |     2 ||     2
 Stab: Petrified         |       |       |       |       |     2 ||     2
Armor: Animal skin       |     9 |       |       |       |       ||     9
       Chain mail        |    21 |   107 |    78 |    58 |       ||   264
       Leather armour    |     1 |       |       |       |       ||     1
       Plate armour      |       |       |       |    94 |   285 ||   379
Dodge: Dodged            |    51 |    72 |    60 |    83 |   164 ||   430
Block: Buckler           |       |       |    17 |    74 |   192 ||   283

Levels and vault maps discovered:
D:1:      shiori_arrival_elements, layout_loops_ring, serial_shops,
          nicolae_shop_behind_doors, minmay_tetromino_o2
D:2:      layout_basic, hellmonk_ecumenical_altar_lost_god, serial_bayou_pond_b,
          kennysheep_cross_room, uniq_crazy_yiuf_cottage
D:3:      layout_loops_corners, nicolae_overflow_ecumenical_swirl,
          nicolae_sif_muna_little_library
D:4:      cheibrodos_old_hovel, layout_gridville, mainiacjoe_overflow_chevrons,
          ebering_ghost_sewer_f
D:5:      cheibrodos_two_vegetables, layout_cave_pools, serial_gnoll_camp,
          gnoll_camp_mini_sergeant, gnoll_camp_mini_doghouse,
          gnoll_camp_medium_01, gnoll_camp_medium_02, gnoll_camp_mini_basic,
          uniq_menkaure, uniq_edmund, uniq_ijyb
D:6:      layout_basic, minivault_1, kennysheep_generic_room_5, uniq_sigmund
D:7:      layout_gridville, minitemple, minmay_temple_entry_statues_pillars,
          uniq_maggie
D:8:      layout_cave_pools, minmay_orc_keep, uniq_grum
D:9:      layout_basic, mainiacjoe_overflow_small_starburst, orc_0_dummy,
          minmay_misc_feat_doors, hangedman_decor_diamond_cutter, uniq_maurice,
          uniq_psyche, uniq_gastronok
D:10:     layout_basic, nicolae_tso_carved_into_rock,
          grunt_lair_entry_orc_guard_hut, minivault_25_ag,
          minmay_strange_pillars
D:11:     layout_basic
D:12:     layout_cave_pools, gauntlet_entry_generic, minmay_misc_feat_hallway,
          minmay_nine_imps, uniq_nessos, uniq_urug, uniq_lodul
Lair:1:   layout_hall_layers, beast_lair_carwin_8, grunt_megastairs_4,
          serial_bayou_shore_b, uniq_erica
Lair:2:   layout_roguey, serial_bayou_shore_b
Lair:3:   layout_regular_city, elwin_shoals_entry_rooms, spider_nest_entry_a,
          portal_ice_cave_demonic_guard, grunt_megastairs_5
Lair:4:   layout_regular_city, slime_entry_1, lemuel_fruit_fields,
          serial_bayou_shore_a, grunt_megastairs_2, infiniplex_staircase_pool,
          uniq_rupert
Lair:5:   evilmike_catoblepas_cave, layout_loops_ring
Orc:1:    layout_diamond_mine, basic_altar, serial_shops,
          nicolae_shop_overgrown_old_shop, nicolae_orc_sculptors_studio,
          bh_open_orc_temple
Orc:2:    grunt_orc_cross, layout_caves, uniq_josephine

Notes
Turn   | Place    | Note
-------+----------+-------------------------------------------
     0 | D:1      | Sobieck the Vine Stalker Berserker began the quest for the
                  | Orb.
     0 | D:1      | Reached XP level 1. HP: 11/11 MP: 2/2
   113 | D:1      | Reached skill level 3 in Short Blades
   113 | D:1      | Reached XP level 2. HP: 12/16 MP: 3/3
   211 | D:1      | Found Dinkexur's Book Boutique.
   641 | D:1      | Reached skill level 3 in Fighting
   940 | D:1      | You pick up a book of Necromancy {forbidden} and begin
                  | reading...
   940 | D:1      | You add the spells Necrotise, Vampiric Draining and Agony
                  | to your library.
  1377 | D:2      | Reached XP level 3. HP: 20/20 MP: 4/4
  1430 | D:2      | Found a faded altar of an unknown god.
  1437 | D:2      | Reached ** piety under Trog
  1813 | D:2      | Found a runed translucent door.
  1814 | D:2      | Noticed Crazy Yiuf
  1901 | D:2      | You pick up a book of Debilitation {forbidden} and begin
                  | reading...
  1901 | D:2      | You add the spells Slow and Confusing Touch to your
                  | library.
  2513 | D:3      | Gained mutation: Your natural rate of healing is unusually
                  | fast. [Vine Stalker growth]
  2513 | D:3      | Reached XP level 4. HP: 11/24 MP: 3/5
  2523 | D:3      | Reached skill level 4 in Short Blades
  2624 | D:3      | Found a faded altar of an unknown god.
  3119 | D:3      | Found a shimmering blue altar of Sif Muna.
  3195 | D:3      | Reached XP level 5. HP: 28/28 MP: 6/6
  3260 | D:4      | Noticed an ogre
  3272 | D:4      | Killed an ogre
  3273 | D:4      | Reached skill level 4 in Fighting
  3273 | D:4      | Reached skill level 5 in Short Blades
  3273 | D:4      | Reached XP level 6. HP: 33/33 MP: 7/7
  3456 | D:4      | Found a runed translucent door.
  3472 | D:4      | Found a runed translucent door.
  3473 | D:4      | Noticed drpainis's ghost (novice HOBe)
  3742 | D:4      | Found a shadowy altar of Dithmenos.
  3992 | D:3      | Found a hazy altar of Hepliaklqana.
  4085 | D:4      | Identified a scroll of acquirement
  4085 | D:4      | Acquired the +9 rapier "Ogufif" {distort, Int+4}
  4139 | D:5      | Entered Level 5 of the Dungeon
  4139 | D:5      | Noticed Ijyb
  4220 | D:4      | Reached XP level 7. HP: 38/38 MP: 8/8
  4230 | D:4      | Reached skill level 6 in Short Blades
  4302 | D:5      | Noticed Menkaure
  4311 | D:4      | Killed Ijyb
  4471 | D:5      | HP: 9/38 [Menkaure/nerve-wracking pain (7)]
  4616 | D:5      | Killed Menkaure
  4616 | D:5      | Reached *** piety under Trog
  4617 | D:5      | Reached skill level 5 in Fighting
  4696 | D:5      | Reached skill level 7 in Short Blades
  4706 | D:5      | Gained mutation: You have razor-sharp teeth. [Vine Stalker
                  | growth]
  4706 | D:5      | Reached XP level 8. HP: 44/44 MP: 6/9
  4789 | D:5      | Noticed Edmund
  4816 | D:4      | Killed Edmund
  4862 | D:5      | You pick up a book of Callings {forbidden} and begin
                  | reading...
  4862 | D:5      | You add the spells Summon Small Mammal, Call Canine
                  | Familiar and Summon Guardian Golem to your library.
  5017 | D:5      | Reached skill level 8 in Short Blades
  5203 | D:5      | Reached skill level 6 in Fighting
  5500 | D:5      | Reached XP level 9. HP: 49/49 MP: 10/10
  5625 | D:6      | Noticed Sigmund
  5638 | D:5      | Reached skill level 9 in Short Blades
  5674 | D:6      | Killed Sigmund
  5899 | D:6      | Reached **** piety under Trog
  5914 | D:6      | Reached skill level 7 in Fighting
  6047 | D:6      | Identified the +7 flail of Lust {speed, Dex+4}
  6072 | D:6      | You pick up a book of Necromancy {forbidden} and begin
                  | reading...
  6226 | D:6      | Reached skill level 10 in Short Blades
  6614 | D:7      | Found a shimmering altar of Xom.
  6618 | D:7      | Found a bloodstained altar of Trog.
  6619 | D:7      | You add the spells Sting, Poisonous Vapours and Olgreb's
                  | Toxic Radiance to your library.
  6621 | D:7      | Found a snail-covered altar of Cheibriados.
  6621 | D:7      | Found a sparkling altar of Nemelex Xobeh.
  6622 | D:7      | Found a radiant altar of Vehumet.
  6623 | D:7      | Found a white marble altar of Elyvilon.
  6627 | D:7      | Found a stormy altar of Qazlal.
  6628 | D:7      | Found a glowing silver altar of Zin.
  6848 | D:7      | Noticed a hornet
  6857 | D:7      | Noticed Maggie
  6861 | D:7      | Paralysed by a hornet for 1 turns
  6863 | D:7      | Killed a hornet
  6864 | D:7      | Reached XP level 10. HP: 48/56 MP: 8/11
  6916 | D:7      | Killed Maggie
  6917 | D:7      | Reached skill level 8 in Fighting
  6917 | D:7      | Reached skill level 11 in Short Blades
  7015 | D:7      | Found a staircase to the Ecumenical Temple.
  7440 | D:8      | Reached ***** piety under Trog
  7590 | D:8      | Noticed Grum
  7647 | D:8      | Killed Grum
  8120 | D:9      | Noticed Gastronok
  8158 | D:9      | Banished Gastronok
  8159 | D:9      | Reached skill level 9 in Fighting
  8159 | D:9      | Reached skill level 12 in Short Blades
  8191 | D:9      | Found a staircase to the Orcish Mines.
  8220 | D:9      | Noticed Psyche
  8246 | D:9      | Reached XP level 11. HP: 49/62 MP: 8/12
  8249 | D:9      | Killed Psyche
  8429 | D:9      | Found an opulent altar of Gozag.
  8430 | D:9      | Noticed Maurice
  8431 | D:9      | Noticed a deep elf pyromancer
  8446 | D:9      | Killed a deep elf pyromancer
  8447 | D:9      | Banished Maurice
  8448 | D:9      | Reached skill level 13 in Short Blades
  8729 | D:10     | Entered Level 10 of the Dungeon
  8828 | D:10     | Found a staircase to the Lair.
  9251 | D:10     | Found a glowing golden altar of the Shining One.
  9436 | D:10     | Noticed a cyclops
  9449 | D:10     | Killed a cyclops
  9681 | D:11     | HP: 13/63 [kobold demonologist/+0 dagger (5)]
  9686 | D:11     | HP: 15/63 [kobold demonologist/+0 dagger (2)]
  9942 | D:11     | Reached skill level 10 in Fighting
 10027 | D:11     | Noticed a manticore
 10038 | D:11     | Killed a manticore
 10478 | D:12     | Noticed a manticore
 10518 | D:12     | Noticed Nessos
 10518 | D:12     | Noticed Urug
 10518 | D:12     | Found a gate leading to a gauntlet.
 10556 | Lair:1   | Entered Level 1 of the Lair of Beasts
 10592 | Lair:1   | Reached skill level 14 in Short Blades
 10682 | Lair:1   | Received a gift from Trog
 10736 | Lair:1   | Reached skill level 11 in Fighting
 10736 | Lair:1   | Reached XP level 12. HP: 70/70 MP: 13/13
 10819 | Lair:1   | You pick up a book of Spectacle {forbidden} and begin
                  | reading...
 10819 | Lair:1   | You add the spells Dazzling Flash, Iskenderun's Mystic
                  | Blast and Starburst to your library.
 11057 | Lair:1   | Reached skill level 12 in Fighting
 11170 | Lair:1   | Noticed Erica
 11668 | Lair:2   | Reached skill level 13 in Fighting
 11739 | Lair:2   | Killed Erica
 11976 | Lair:2   | Noticed a four-headed hydra
 11985 | Lair:2   | Killed a four-headed hydra
 11986 | Lair:2   | Reached skill level 14 in Fighting
 12397 | Lair:3   | Reached XP level 13. HP: 79/79 MP: 14/14
 12411 | Lair:3   | Reached skill level 2 in Armour
 12411 | Lair:3   | Reached skill level 2 in Dodging
 12411 | Lair:3   | Reached skill level 1 in Shields
 12411 | Lair:3   | Reached skill level 1 in Evocations
 12527 | Lair:3   | Reached skill level 2 in Shields
 12527 | Lair:3   | Reached skill level 2 in Evocations
 12680 | Lair:3   | Found a hole to the Spider Nest.
 12701 | Lair:3   | Reached skill level 3 in Armour
 12701 | Lair:3   | Reached skill level 3 in Dodging
 13063 | Lair:3   | Reached skill level 3 in Evocations
 13068 | Lair:3   | Reached skill level 3 in Shields
 13141 | Lair:3   | Found a staircase to the Shoals.
 13765 | Lair:4   | You pick up a book of the Tundra {forbidden} and begin
                  | reading...
 13765 | Lair:4   | You add the spells Hailstorm, Ice Form and Simulacrum to
                  | your library.
 13817 | Lair:4   | Noticed Rupert
 13833 | Lair:4   | Killed Rupert
 13834 | Lair:4   | Reached skill level 4 in Dodging
 13835 | Lair:4   | a +1 executioner's axe of flaming {axerare=g}; a +0 scale
                  | mail
 13879 | Lair:4   | a +1 executioner's axe of flaming {axerare=g}; a +0 scale
                  | mail
 13879 | Lair:4   | a +1 executioner's axe of flaming {axerare=g}; a +0 scale
                  | mail
 13879 | Lair:4   | Could not pick up a +1 executioner's axe of flaming
                  | {axerare=g} here; ([A]lways) ignore it?
 13933 | Lair:4   | Reached skill level 4 in Armour
 13942 | Lair:4   | Received a gift from Trog
 14015 | Lair:4   | Found a staircase to the Slime Pits.
 14018 | Lair:4   | Found a viscous altar of Jiyva.
 14032 | Lair:4   | Reached skill level 4 in Shields
 14032 | Lair:4   | Reached skill level 4 in Evocations
 14430 | Lair:5   | Entered Level 5 of the Lair of Beasts
 14508 | Lair:5   | You pick up a book of Iron {forbidden} and begin reading...
 14508 | Lair:5   | You add the spells Animate Armour, Blade Hands and Iron
                  | Shot to your library.
 14599 | Lair:5   | Reached XP level 14. HP: 59/84 MP: 10/15
 15269 | Lair:5   | Reached skill level 5 in Dodging
 15420 | Lair:5   | Reached skill level 5 in Shields
 15420 | Lair:5   | Reached skill level 5 in Evocations
 15490 | Lair:5   | Reached skill level 5 in Armour
 15874 | Orc:1    | Entered Level 1 of the Orcish Mines
 15895 | D:9      | Reached skill level 15 in Fighting
 16150 | Orc:1    | Noticed an orc warlord
 16404 | Orc:1    | HP: 21/86 [orc warlord/+0 bardiche (20)]
 16409 | Orc:1    | HP: 3/86 [orc warlord/+0 bardiche (16)]
 16504 | Orc:1    | Killed an orc warlord
 16685 | Orc:1    | Found Cuhosohy's Assorted Antiques.
 16706 | Orc:1    | Bought a scroll of blinking for 202 gold pieces
 16975 | Orc:2    | Entered Level 2 of the Orcish Mines
 16994 | Orc:1    | Reached ****** piety under Trog
 17134 | Orc:2    | Noticed an orc warlord
 17160 | Orc:1    | Received a gift from Trog
 17315 | Orc:1    | Killed an orc warlord
 17316 | Orc:1    | Reached skill level 6 in Evocations
 17591 | Orc:1    | Reached skill level 6 in Dodging
 17665 | Orc:1    | HP: 19/84 [soul eater[an orc high priest] (16)]
 17755 | Orc:2    | Reached skill level 6 in Armour
 18010 | Orc:2    | Noticed an orc warlord
 18053 | Orc:2    | Banished an orc warlord
 18236 | Orc:2    | Found a staircase to the Elven Halls.
 18362 | Orc:2    | Noticed Josephine
 18380 | Orc:2    | Killed Josephine
 18401 | Orc:2    | Reached XP level 15. HP: 90/90 MP: 14/16
 18584 | Orc:2    | Found Offesah's Jewellery Shoppe.
 18628 | Orc:2    | Found Bistuq's Antique Weapon Shoppe.
 18643 | Orc:2    | Found Ema Liju's General Store.
 18659 | Orc:2    | Found Mec Atag's Antique Armour Shoppe.
 18682 | Orc:2    | Bought the ring "Gunkab" {rElec AC+4 Int+4 Stlth+} for 795
                  | gold pieces
 19209 | D:11     | Received a gift from Trog
 19250 | D:11     | f - a +6 quick blade {shortrare=g}
 19297 | D:11     | Banished Urug
 19523 | D:12     | Reached skill level 7 in Evocations
 19539 | D:11     | HP: 21/90 [Nessos/arrow (4)]
 19544 | D:11     | HP: 13/90 [poisoned by Nessos]
 19546 | D:11     | HP: 2/90 [Nessos/arrow (11)]
 19546 | D:11     | Shot with an arrow by Nessos

Vanquished Creatures
  Rupert (Lair:4)
  An orc warlord (Orc:1)
  An ettin (D:9)
  Josephine (Orc:2)
  2 boulder beetles
  4 hydras
  2 catoblepae (Lair:5)
  Erica (Lair:2)
  8 death yaks
  3 orc high priests
  An orc knight (Orc:2)
  2 deep elf pyromancers
  A cyclops (D:10)
  3 orc sorcerers (Orc:2)
  2 manticores
  A black mamba (Lair:1)
  A gargoyle (D:12)
  7 elephants
  6 cane toads
  Psyche (D:9)
  An unseen horror (D:10)
  Maggie (D:7)
  A kobold demonologist (D:11)
  2 komodo dragons
  A rime drake (Lair:5)
  2 trolls
  2 polar bears (Lair:5)
  2 hornets
  10 blink frogs
  6 dream sheep (Lair:4)
  Sigmund (D:6)
  A jumping spider (Lair:3)
  A shadow (D:10)
  3 wraiths (Orc:2)
  7 wyverns
  52 yaks
  A redback (Lair:3)
  Grum (D:8)
  Edmund (D:4)
  A basilisk (Lair:1)
  Menkaure (D:5)
  7 wargs
  12 water moccasins
  30 orc warriors
  A sky beast (D:7)
  5 ice beasts
  6 black bears
  9 ogres
  8 wolves
  A centaur (D:9)
  2 kobold brigands
  A phantom (D:6)
  8 bullfrogs
  3 gnoll sergeants (D:5)
  2 necrophages
  5 howler monkeys
  5 electric eels
  6 crimson imps (D:12)
  3 jellies
  5 gnoll boudas
  9 hounds
  16 orc priests
  Ijyb (D:4)
  3 iguanas
  23 orc wizards
  31 gnolls
  11 adders
  A shadow imp (D:6)
  3 white imps (D:12)
  An ufetubus (D:4)
  A dart slug (D:1)
  78 orcs
  5 endoplasms
  A giant cockroach (D:3)
  7 hobgoblins
  12 jackals
  2 quokkas (D:1)
  6 ball pythons
  5 bats
  4 frilled lizards
  2 goblins
  13 kobolds
  6 rats
507 creatures vanquished.

Vanquished Creatures (collateral kills)
  An orc warlord (Orc:1)
1 creature vanquished.

Vanquished Creatures (others)
  2 orc wizards
  An orc (Orc:1)
  19 fungi
  31 plants
53 creatures vanquished.

Grand Total: 561 creatures vanquished

Table legend:
 A = Non-vault XP
 B = Vault XP
 C = Vault XP percentage of total XP
 D = Non-vault monster count
 E = Vault monster count
 F = Vault count percentage of total count
                 A         B        C        D         E       F
            +---------+---------+-------+---------+---------+-------
      Total |   57079 |   35767 |  38.5 |     388 |     173 |  30.8
            +---------+---------+-------+---------+---------+-------
        D:1 |      28 |       0 |   0.0 |      18 |       0 |   0.0
        D:2 |      25 |       9 |  26.5 |       9 |       6 |  40.0
        D:3 |     128 |       2 |   1.5 |      24 |       1 |   4.0
        D:4 |     443 |     296 |  40.1 |      18 |       7 |  28.0
        D:5 |     472 |    1175 |  71.3 |       7 |      36 |  83.7
        D:6 |    1189 |     439 |  27.0 |      19 |       3 |  13.6
        D:7 |     907 |     512 |  36.1 |      15 |       2 |  11.8
        D:8 |     780 |     682 |  46.6 |      22 |      11 |  33.3
        D:9 |    4985 |    2386 |  32.4 |      41 |       3 |   6.8
       D:10 |    1666 |     589 |  26.1 |       9 |       5 |  35.7
       D:11 |    2757 |     802 |  22.5 |      20 |       1 |   4.8
       D:12 |    1922 |     314 |  14.0 |       3 |       9 |  75.0
     Lair:1 |    3120 |    3478 |  52.7 |      14 |      16 |  53.3
     Lair:2 |    8770 |     839 |   8.7 |      33 |       1 |   2.9
     Lair:3 |    9205 |    1636 |  15.1 |      20 |       6 |  23.1
     Lair:4 |    6668 |    2356 |  26.1 |      25 |       2 |   7.4
     Lair:5 |    5885 |   10833 |  64.8 |      21 |      23 |  52.3
      Orc:1 |    5238 |     946 |  15.3 |      43 |       3 |   6.5
      Orc:2 |    2891 |    8473 |  74.6 |      27 |      38 |  58.5
            +---------+---------+-------+---------+---------+-------

Illustrated notes

Table legend:
 A = Kills in this place as a percentage of kills in entire the game.
 B = Kills by you in this place as a percentage of kills by you in the entire game.
 C = Kills by friends in this place as a percentage of kills by friends in the entire game.
 D = Other kills in this place as a percentage of other kills in the entire game.
 E = Experience gained in this place as a percentage of experience gained in the entire game.
 F = Experience gained in this place divided by the number of levels of this place that you have seen.
                   A       B       C       D       E      F
               +-------+-------+-------+-------+-------+----------------------
         Total | 100.0 | 100.0 | 100.0 | 100.0 | 100.0 | 4886.6
       Dungeon |  51.5 |  53.1 |   0.0 |  37.7 |  24.2 | 1875.7
          Lair |  28.7 |  26.8 |   0.0 |  47.2 |  56.9 | 10558.0
  Orcish Mines |  19.8 |  20.1 | 100.0 |  15.1 |  18.9 | 8774.0
               +-------+-------+-------+-------+-------+----------------------

Table legend: (Time is in decaauts)
 A = Elapsed time spent in this place.
 B = Non-inter-level travel time spent in this place.
 C = Inter-level travel time spent in this place.
 D = Time resting spent in this place.
 E = Time spent auto-exploring this place.
 F = Levels seen in this place.
 G = Mean time per level.
                   A        B        C        D        E       F      G
               +--------+--------+--------+--------+--------+-----+--------+
         Total |  19216 |  18379 |    837 |   1819 |  12031 |  19 | 1011.4 |
       Dungeon |  11773 |  11205 |    568 |   1103 |   7676 |  12 |  981.1 |
          Lair |   5067 |   4885 |    182 |    239 |   3614 |   5 | 1013.4 |
  Orcish Mines |   2375 |   2288 |     87 |    475 |    741 |   2 | 1187.5 |
               +--------+--------+--------+--------+--------+-----+--------+

Top non-repeatable levels by time:
   Orc:2: 1406 daAuts
    D:10: 1394 daAuts
     D:9: 1264 daAuts
  Lair:5: 1258 daAuts
     D:5: 1256 daAuts
     D:4: 1208 daAuts
     D:2: 1174 daAuts
  Lair:3: 1068 daAuts
     D:1: 1060 daAuts
  Lair:4: 1029 daAuts
    D:11: 1022 daAuts
     D:3: 979 daAuts
   Orc:1: 968 daAuts
  Lair:2: 877 daAuts
     D:6: 853 daAuts
